 Dungeon Crawl Stone Soup version 0.20.0-6-gd3061e9 (webtiles) character file.

38142 Hasart the Arsonist (level 14, -2/216 HPs)
             Began as an Ogre Fire Elementalist on May 28, 2017.
             Was a High Priest of Sif Muna.
             Slain by an elephant (7 damage)
             ... on level 5 of the Lair of Beasts.
             The game lasted 01:39:45 (23934 turns).

Hasart the Arsonist (Ogre Fire Elementalist)       Turns: 23934, Time: 01:39:46

Health: -2/216     AC: 27    Str: 22    XL:     14   Next: 0%
Magic:  3/29       EV:  1    Int: 22    God:    Sif Muna [*****.]
Gold:   1008       SH:  3    Dex: 18    Spells: 21/35 levels left

rFire    . . .     SeeInvis .   L - +6 giant spiked club
rCold    . . .     Gourm    .   (shield currently unavailable)
rNeg     + + +     Faith    .   (armour currently unavailable)
rPois    +         Spirit   .   (helmet currently unavailable)
rElec    .         Reflect  +   (cloak currently unavailable)
rCorr    .         Harm     .   (gloves unavailable)
MR       +....     NoTele   +   (boots unavailable)
Stlth    +++.......             G - +3 amulet of reflection
Regen    0.5/turn               X - ring "Ahyrad" {Str+3 Dex+6 Stlth+}
MPRegen  0.3/turn               v - ring of Tender Moments {rN+ Str+4 Dex+3}

@: tree-form
A: unfitting armour, clever 1
a: Divine Energy, Channel Magic, Forget Spell, Renounce Religion


You were on level 5 of the Lair of Beasts.
You worshipped Sif Muna.
Sif Muna was extremely pleased with you.
You were very hungry.
You were a tree.
You visited 3 branches of the dungeon, and saw 18 of its levels.
You also visited: Labyrinth and Bailey.

You collected 1008 gold pieces.

Inventory:

Hand Weapons
 L - a +6 giant spiked club (weapon)
Missiles
 t - 21 tomahawks of returning (quivered)
Armour
 i - a +1 cloak of magic resistance (melded)
 m - a +0 troll leather armour (melded)
 q - a +0 shield
 K - a +2 hat (melded)
Magical Staves
 W - an uncursed staff of air
Jewellery
 v - the ring of Tender Moments (right branch) {rN+ Str+4 Dex+3}
   (You took it off a gnoll in a bailey)

   [ring of dexterity]

   It affects your strength (+4).
   It affects your dexterity (+3).
   It protects you from negative energy.
 y - a +5 amulet of reflection
 G - a +3 amulet of reflection (around neck)
 Q - an uncursed ring of protection from fire
 U - the ring "Xupheheo" {-Tele rPois rC++ Str+2 Slay+3}
   (You found it in a labyrinth)

   [ring of poison resistance]

   It affects your strength (+2).
   It affects your accuracy and damage with ranged weapons and melee attacks
   (+3).
   It greatly protects you from cold.
   It protects you from poison.
   It prevents most forms of teleportation.
 X - the ring "Ahyrad" (left branch) {Str+3 Dex+6 Stlth+}
   (You found it in a labyrinth)

   [ring of strength]

   It affects your strength (+3).
   It affects your dexterity (+6).
   It makes you more stealthy.
Wands
 d - a wand of iceblast (7/15)
 e - a wand of polymorph (8/24)
 o - a wand of paralysis (8/24)
 z - a wand of iceblast (10/15)
Scrolls
 a - a scroll of summoning {unknown}
 b - 3 scrolls of amnesia
 j - 10 scrolls of teleportation
 p - 7 scrolls of remove curse
 r - a scroll of brand weapon {unknown}
 s - 3 scrolls of magic mapping
 u - 6 scrolls of identify
 B - a scroll of fear
 E - a scroll of blinking
Potions
 f - a potion of berserk rage
 g - 2 potions of lignification
 h - a potion of magic
 l - 3 potions of curing
 w - 2 potions of might {unknown}
 A - 2 potions of mutation
 C - 5 potions of flight
 D - a potion of brilliance
Books
 n - Sif Muna's Arcane Arts Continued
   (Sif Muna gifted it to you on level 4 of the Lair of Beasts)

   Spells                             Type                      Level
   a - Airstrike                      Air                          4
   b - Fulminant Prism                Conjuration/Hexes            4
   c - Throw Icicle                   Conjuration/Ice              4
   d - Leda's Liquefaction            Hexes/Earth                  4
   e - Summon Ice Beast               Ice/Summoning                4
   f - Olgreb's Toxic Radiance        Poison                       4
Comestibles
 c - 13 bread rations
 k - 6 fruits
 x - 2 royal jellies
 J - 10 meat rations


   Skills:
 - Level 10.3 Fighting
 + Level 4.7 Maces & Flails
 - Level 1.7 Dodging
 - Level 1.4 Stealth
 * Level 11.0 Spellcasting
 + Level 8.7 Conjurations
 - Level 6.2 Summonings
 * Level 12.8 Fire Magic
 - Level 3.8 Air Magic
 + Level 6.0 Invocations


You had 21 spell levels left.
You knew the following spells:

 Your Spells              Type           Power        Failure   Level  Hunger
a - Flame Tongue          Conj/Fire      #####        1%          1    None
b - Sticky Flame          Conj/Fire      ######..     1%          4    #......
c - Summon Lightning Spi  Summ/Air       ####....     7%          4    #......
d - Fireball              Conj/Fire      ######....   1%          5    ####...


Dungeon Overview and Level Annotations

Branches:
Dungeon (12/15)            Temple (1/1) D:7            Lair (5/6) D:9
 Shoals (0/4) Lair:3        Snake (0/4) Lair:3          Orc (0/2) D:11
  Slime: Lair:5-6

Altars:
Cheibriados
Dithmenos
Elyvilon
Fedhas
Gozag
Nemelex Xobeh
Okawaru
Qazlal
Ru
Sif Muna
Trog
Uskayaw
Vehumet
Xom
Zin
The Shining One

Shops:
D:7 !


Innate Abilities, Weirdness & Mutations

You are too large for most types of armour.
((You have tough skin. (AC +1)))
((You have a pair of small horns on your head.))
Your mind is acute. (Int +2)


Message History

* * * LOW HITPOINT WARNING * * *
You block the elephant's attack.
Unknown command.
You hit the elephant but do no damage.
The elephant is almost dead.
The elephant tramples you but does no damage.
The elephant trunk-slaps you but does no damage.
The elephant tramples you but does no damage.
The elephant trunk-slaps you but does no damage.
The elephant tramples you but does no damage.
The elephant trunk-slaps you but does no damage.
The elephant tramples you but does no damage.
The elephant trunk-slaps you but does no damage.
Unknown command.
You puncture the elephant!
You kill the elephant!
Sif Muna accepts your kill.
You have reached level 14!
The elephant tramples you!
You die...

##..... ...+.
...# #..##
####...#
###...P.#####
#...........#
.##......†....#
....+.....†.†♣.##
...P......<.Y...#
...##...........#
.. #...+..#.###.#
# ####....## ##
#....## #P...#
##.... ......


You could see an elephant.

Vanquished Creatures
  A minotaur (Lab)
  Josephine (D:12)
  Erolcha (D:11)
  6 hydras
  4 two-headed ogres
  An orc knight (Bailey)
  An oklob plant (Lair:2)
  A manticore (D:12)
  4 elephants (Lair:5)
  2 black mambas (Lair:4)
  3 gargoyles (D:11)
  10 spiny frogs
  4 komodo dragons
  A rime drake (Lair:3)
  A troll (D:9)
  Prince Ribbit (D:5)
  7 blink frogs
  A snapping turtle (Lair:3)
  6 hippogriffs
  4 wyverns
  A spriggan (D:9)
  A shadow (D:11)
  2 basilisks
  A vampire (D:11)
  31 yaks
  3 wraiths (D:12)
  3 hungry ghosts
  Grum (D:9)
  6 porcupines
  8 water moccasins
  8 orc warriors
  2 black bears
  5 ice beasts
  A hornet zombie (D:9)
  3 phantoms
  3 sky beasts
  8 ogres
  2 eyes of draining
  8 crocodiles
  6 wolves
  8 centaurs
  Blork the orc (D:6)
  3 big kobolds
  9 bullfrogs
  A wyvern skeleton (D:6)
  3 scorpions
  2 troll zombies (D:11)
  3 killer bees (D:10)
  7 wights
  An electric eel (Lair:3)
  A howler monkey (D:9)
  3 crimson imps
  2 centaur zombies
  A quasit (D:9)
  5 bullfrog zombies
  10 orc priests
  5 hounds
  4 jellies
  3 centaur skeletons
  A gnoll shaman (D:7)
  15 orc wizards
  Ijyb (D:5)
  6 iguanas
  4 worker ants
  A killer bee zombie (D:7)
  6 ogre zombies (D:11)
  A hound zombie (D:8)
  2 hound skeletons
  2 worker ant zombies (D:4)
  A howler monkey skeleton (D:9)
  13 adders
  18 gnolls
  2 shadow imps
  An ooze (D:6)
  2 adder zombies
  3 adder skeletons
  2 worms (D:4)
  2 dart slugs
  5 leopard geckos
  63 orcs
  3 ball pythons
  4 giant cockroaches
  22 goblins
  12 hobgoblins
  10 jackals
  32 kobolds
  3 quokkas
  A bat (D:3)
  3 frilled lizards
  A giant cockroach zombie (D:6)
  A goblin skeleton (D:11)
  3 goblin zombies (D:11)
  A jackal zombie (D:8)
  2 leopard gecko skeletons
  2 orc skeletons (D:11)
  18 orc zombies (D:11)
  A quokka skeleton (D:4)
  A quokka zombie (D:5)
  6 rats
  2 bushes (Lair:2)
  A plant (D:9)
515 creatures vanquished.

Vanquished Creatures (collateral kills)
  A hydra (Lair:4)
  A komodo dragon (Lair:4)
  A blink frog (Lair:4)
3 creatures vanquished.

Vanquished Creatures (others)
  An unseen horror (D:11)
  An ugly thing (D:11)
  2 cyclopes (D:11)
  A soldier ant (D:11)
  An orc priest (D:11)
  2 iguanas (D:11)
  2 adders (D:11)
  A hobgoblin zombie (D:11)
  A bush (Lair:4)
  5 fungi
  12 plants
29 creatures vanquished.

Grand Total: 547 creatures vanquished

Notes
Turn   | Place    | Note
-------+----------+-------------------------------------------
     0 | D:1      | Hasart the Ogre Fire Elementalist began the quest for the Orb.
     0 | D:1      | Reached XP level 1. HP: 16/16 MP: 3/3
    76 | D:1      | Reached skill level 1 in Fighting
    76 | D:1      | Reached skill level 1 in Conjurations
    76 | D:1      | Reached XP level 2. HP: 23/27 MP: 0/5
   144 | D:1      | Reached skill level 3 in Fire Magic
   838 | D:1      | Reached XP level 3. HP: 23/33 MP: 7/7
  1443 | D:2      | Found a faded altar of an unknown god.
  1578 | D:2      | Found an iron altar of Okawaru.
  1579 | D:2      | Found a snail-covered altar of Cheibriados.
  2299 | D:3      | Reached XP level 4. HP: 41/41 MP: 4/8
  3206 | D:4      | Reached XP level 5. HP: 36/49 MP: 1/10
  3251 | D:4      | Reached skill level 4 in Fire Magic
  3262 | D:5      | Entered Level 5 of the Dungeon
  3795 | D:5      | Reached XP level 6. HP: 36/59 MP: 4/11
  3801 | D:5      | Learned a level 4 spell: Sticky Flame
  4281 | D:4      | Found a glowing golden altar of the Shining One.
  4325 | D:4      | Reached skill level 5 in Fire Magic
  4325 | D:4      | Reached XP level 7. HP: 23/67 MP: 0/13
  6215 | D:3      | Reached XP level 8. HP: 79/79 MP: 15/15
  6431 | D:4      | Reached skill level 5 in Spellcasting
  6431 | D:4      | Reached skill level 6 in Fire Magic
  7006 | D:5      | Reached skill level 5 in Fighting
  7491 | D:5      | Noticed Ijyb
  7507 | D:5      | Killed Ijyb
  7633 | D:5      | Noticed Prince Ribbit
  7648 | D:5      | Killed Prince Ribbit
  7648 | D:5      | Reached skill level 7 in Fire Magic
  7648 | D:5      | Reached XP level 9. HP: 38/89 MP: 13/18
  8398 | D:6      | Noticed Blork the orc
  8410 | D:6      | Killed Blork the orc
  9494 | D:7      | Found Ohuaf's Distillery.
  9531 | D:6      | Reached skill level 8 in Fire Magic
 10176 | D:7      | Reached skill level 5 in Conjurations
 10721 | D:8      | Learned a level 4 spell: Summon Lightning Spire
 10727 | D:8      | Learned a level 5 spell: Fireball
 10904 | D:8      | Reached skill level 1 in Summonings
 11059 | D:8      | Reached XP level 10. HP: 101/102 MP: 20/20
 11259 | D:8      | Noticed a two-headed ogre
 11271 | D:8      | Killed a two-headed ogre
 11271 | D:8      | Reached skill level 9 in Fire Magic
 11459 | D:8      | Noticed a two-headed ogre
 11479 | D:8      | Killed a two-headed ogre
 12460 | D:9      | Noticed Grum
 12469 | D:9      | Killed Grum
 12553 | D:9      | Found a white marble altar of Elyvilon.
 12888 | D:9      | Reached XP level 11. HP: 90/115 MP: 18/23
 12924 | D:9      | Found a staircase to the Lair.
 13314 | D:9      | Reached skill level 10 in Fire Magic
 13679 | D:9      | Identified a scroll of acquirement
 13822 | D:10     | Entered Level 10 of the Dungeon
 14165 | D:10     | Found a flagged portal.
 14186 | Bailey   | Entered a bailey
 14205 | Bailey   | Noticed an orc knight
 14882 | Bailey   | Got a vibrating pewter ring
 14916 | Bailey   | Killed an orc knight
 15225 | D:10     | Gained mutation: Your mind is acute. (Int +2) [potion of mutation]
 15225 | D:10     | Gained mutation: You have a pair of small horns on your head. [potion of mutation]
 15391 | D:11     | Killed a cyclops
 15392 | D:11     | Killed a red ugly thing
 15406 | D:11     | Killed an unseen horror
 15427 | D:11     | Killed a cyclops
 15593 | D:7      | Found a staircase to the Ecumenical Temple.
 15600 | D:7      | Identified the ring of Tender Moments {rN+ Str+4 Dex+3} (You took it off a gnoll in a bailey)
 15613 | Temple   | Entered the Ecumenical Temple
 15652 | Temple   | Became a worshipper of Sif Muna the Loreminder
 15872 | D:11     | Found a staircase to the Orcish Mines.
 15915 | D:11     | Noticed a two-headed ogre
 15930 | D:11     | Killed a two-headed ogre
 15930 | D:11     | Reached skill level 10 in Fighting
 15930 | D:11     | Reached skill level 1 in Invocations
 16159 | D:11     | Found a shimmering altar of Xom.
 16175 | D:11     | Reached skill level 1 in Air Magic
 16175 | D:11     | Reached * piety under Sif Muna
 16408 | D:11     | Reached XP level 12. HP: 67/126 MP: 0/25
 16555 | D:11     | Noticed a two-headed ogre
 16573 | D:11     | Killed a two-headed ogre
 16573 | D:11     | Reached skill level 5 in Summonings
 16573 | D:11     | Reached skill level 11 in Fire Magic
 16652 | D:11     | Noticed Erolcha
 16662 | D:11     | Killed Erolcha
 16774 | D:11     | Reached ** piety under Sif Muna
 17037 | D:11     | Noticed a seven-headed hydra
 17041 | D:11     | Killed a seven-headed hydra
 17433 | D:12     | Noticed Josephine
 17440 | D:12     | Killed Josephine
 17440 | D:12     | Reached skill level 1 in Maces & Flails
 17533 | D:12     | Found a labyrinth entrance.
 17542 | Lab      | Entered a labyrinth
 17583 | Lab      | Noticed a minotaur
 17589 | Lab      | Killed a minotaur
 17598 | Lab      | Got a flickering brass ring
 17598 | Lab      | Got a brightly glowing amber ring
 17599 | Lab      | Got a bloodstained hand axe
 17612 | Lab      | Identified the +4 hand axe "Embalmer" {chop, Dex+7} (You found it in a labyrinth)
 17613 | Lab      | Identified the ring "Xupheheo" {-Tele rPois rC++ Str+2 Slay+3} (You found it in a labyrinth)
 17614 | Lab      | Identified the ring "Ahyrad" {Str+3 Dex+6 Stlth+} (You found it in a labyrinth)
 17907 | Lair:1   | Entered Level 1 of the Lair of Beasts
 19465 | Lair:2   | Noticed a six-headed hydra
 19476 | Lair:2   | Killed a six-headed hydra
 19476 | Lair:2   | Reached *** piety under Sif Muna
 19888 | Lair:2   | Reached XP level 13. HP: 128/135 MP: 18/26
 20006 | Lair:2   | Reached skill level 12 in Fire Magic
 20043 | Lair:2   | Reached skill level 10 in Spellcasting
 20510 | Lair:2   | Reached **** piety under Sif Muna
 20853 | Lair:3   | Reached skill level 5 in Invocations
 21163 | Lair:3   | Found a staircase to the Snake Pit.
 21219 | Lair:3   | HP: 4/135 [yak (4)]
 21829 | Lair:3   | Found a staircase to the Shoals.
 22986 | Lair:4   | Reached ***** piety under Sif Muna
 23123 | Lair:4   | Identified Sif Muna's Arcane Arts Continued (Sif Muna gifted it to you on level 4 of the Lair of Beasts)
 23123 | Lair:4   | Received a gift from Sif Muna
 23148 | Lair:4   | HP: 6/135 [poisoned by a black mamba]
 23153 | Lair:4   | HP: 5/135 [poisoned by a black mamba]
 23158 | Lair:4   | HP: 5/135 [poisoned by a black mamba]
 23164 | Lair:4   | HP: 6/135 [poisoned by a black mamba]
 23930 | Lair:5   | HP: 6/202 [elephant (10)]
 23934 | Lair:5   | Reached XP level 14. HP: 5/144 MP: 2/29
 23934 | Lair:5   | Slain by an elephant

Skill      XL: |  1  2  3  4  5  6  7  8  9 10 11 12 13 |
---------------+----------------------------------------+-----
Fighting       | 1 2 3 4 5 7 9 10 | 10.3
Conjurations   | 1 2 3 4 5 6 7 8 |  8.7
Fire Magic     | 3 4 5 7 8 9 10 11 12 | 12.8
Spellcasting   | 3 4 6 7 8 9 11 | 11.0
Summonings     | 1 3 4 6 |  6.2
Invocations    | 2 4 6 |  6.0
Air Magic      | 1 3 |  3.8
Maces & Flails | 2 4 |  4.7
Dodging        | |  1.7
Stealth        | |  1.4

Action                   |  1- 3 |  4- 6 |  7- 9 | 10-12 | 13-15 || total
-------------------------+-------+-------+-------+-------+-------++-------
Melee: Spear             |    81 |       |       |       |       ||    81
       Dagger            |    33 |    52 |   531 |   455 |       ||  1071
       Headbutt          |       |       |       |    57 |    30 ||    87
       Giant spiked club |       |       |       |   134 |   142 ||   276
 Cast: Flame Tongue      |     9 |   101 |    37 |    77 |    17 ||   241
       Sticky Flame      |       |       |    34 |    65 |    42 ||   141
       Fireball          |       |       |       |    37 |    28 ||    65
       Summon Lightning  |       |       |       |       |     2 ||     2
  Use: Scroll            |       |       |       |    26 |       ||    26
       Potion            |       |       |       |    13 |     1 ||    14
 Stab: Sleeping          |     2 |       |     3 |    10 |     2 ||    17
       Distracted        |       |       |       |       |     1 ||     1
  Eat: Chunk             |     4 |     7 |    28 |    46 |    17 ||   102
       Royal jelly       |       |       |     1 |     1 |     1 ||     3
       Fruit             |       |       |       |     4 |       ||     4
Armor: Robe              |    23 |    17 |   213 |   144 |       ||   397
       Troll leather arm |       |       |       |   236 |    65 ||   301
       Skin              |       |       |       |     8 |    32 ||    40
Dodge: Dodged            |    48 |    52 |   289 |   375 |   157 ||   921
Block: Other             |       |       |       |    17 |    42 ||    59
